 Dungeon Crawl Stone Soup version 0.31.0-11-ge490571c62 (webtiles) character file.

Game seed: 6791952340741700115

408 qw the Skirmisher (level 6, -1/37 HPs)
             Began as a Deep Elf Hunter on Feb 4, 2024.
             Killed from afar by a white imp (7 damage)
             ... with a puff of frost
             ... on level 6 of the Dungeon.
             The game lasted 00:00:33 (1792 turns).

qw the Skirmisher (Deep Elf Hunter)                 Turns: 1792, Time: 00:00:33

Health: -1/37      AC:  3    Str: 10    XL:     6   Next: 57%
Magic:  8/8        EV: 13    Int: 14    God:
Gold:   90         SH:  0    Dex: 18    Spells: 5/5 levels left

rFire   . . .        a - +0 shortbow (flame)
rCold   . . .        (shield currently unavailable)
rNeg    . . .        c - +0 leather armour
rPois   .            (no helmet)
rElec   .            (no cloak)
rCorr   .            (no gloves)
SInv    .            (no boots)
Will    .....        (no amulet)
Stlth   ++           (no ring)
HPRegen 0.26/turn    (no ring)
MPRegen 0.11/turn

%: no passive effects
@: about to teleport
A: no striking features
a: no special abilities


You were on level 6 of the Dungeon.
You visited 1 branch of the dungeon, and saw 4 of its levels.

You collected 90 gold pieces.


   Skills:
 - Level 3.1 Fighting
 + Level 9.2 Ranged Weapons
 - Level 3.1 Dodging
 - Level 1.2 Stealth


You had 5 spell levels left.
You didn't know any spells.
Your spell library was empty.

Inventory:

Hand Weapons
 a - a +0 shortbow of flaming (weapon)
Armour
 c - a +0 leather armour (worn)
 l - a +0 scale mail
Wands
 j - a wand of acid (3)
Scrolls
 k - a scroll of noise {unknown}
Potions
 b - a potion of cancellation {unknown}
 d - a potion of curing {unknown}
 f - a potion of magic {unknown}
 g - a potion of ambrosia {unknown}
 h - a potion of mutation {unknown}
 i - 2 potions of haste {unknown}

Dungeon Overview and Level Annotations

Branches:
Dungeon (6/15)
 Temple: D:4-7

Altars:


Message History

Press: ? - help, Q - select action, (/) - cycle Shift-Dir - straight line, f/p - Eustachio The bolt of acid misses Eustachio.
The bolt of acid hits the river rat!
The acid corrodes the river rat!
The river rat is heavily wounded.
Eustachio barely misses you.
1785 ||| ZAPPING wand of acid (5) at 1,0 (Eustachio; floor).
Aiming: Corrosive Bolt
Press: ? - help, Q - select action, (/) - cycle Shift-Dir - straight line, f/p - Eustachio The bolt of acid hits Eustachio!
The acid corrodes Eustachio!
Eustachio is severely wounded.
Eustachio mumbles some strange words.
The river rat bites you!
1786 ||| ZAPPING wand of acid (4) at 1,0 (Eustachio; floor).
Aiming: Corrosive Bolt
Press: ? - help, Q - select action, (/) - cycle Shift-Dir - straight line, f/p - Eustachio The bolt of acid hits Eustachio!
Eustachio seems to be corroded for longer.
You kill Eustachio!
The river rat disappears in a puff of smoke!
The river rat disappears in a puff of smoke!
The bat disappears in a puff of smoke!
Your Fighting skill gained 2 levels and is now at level 3!
You shoot an arrow. The arrow barely misses the white imp.
You shoot an arrow.
The arrow hits the white imp but does no damage.
The white imp gestures at you. The puff of frost hits you!
You shoot an arrow. The arrow closely misses the white imp.
The white imp grinds its teeth.
The white imp hits you. The white imp freezes you.
1790 ||| READING scroll of teleportation.
As you read the scroll of teleportation, it crumbles to dust.
You feel strangely unstable. The white imp misses you.
You shoot an arrow. The arrow barely misses the white imp.
You shoot an arrow. The arrow hits the white imp.
The arrow burns the white imp.
The white imp is severely wounded.
The white imp gestures at you. The puff of frost hits you!
You die...

##### . #...#
.. ##...####
...
#.......#)..(
#............
#........#...
##....#### .
#@5..#
###.....#
.>.[..+
......)#
..........
........##.
######.... ..


You could see a white imp.

Vanquished Creatures
  Sigmund (D:3)
  Eustachio (D:6)
  Jessica (D:2)
  Natasha (D:3)
  An adder (D:3)
  A white imp (D:6)
  5 ball pythons
  5 endoplasms
  3 giant cockroaches (D:1)
  6 goblins
  4 hobgoblins
  2 quokkas
  4 bats
  5 kobolds (D:1)
  4 rats
44 creatures vanquished.

Notes
Turn   | Place    | Note
-------+----------+-------------------------------------------
     0 | D:1      | qw the Deep Elf Hunter began the quest for the Orb.
     0 | D:1      | Reached XP level 1. HP: 12/12 MP: 3/3
     0 | D:1      | Noticed an iron dragon
     0 | D:1      | 0 ||| qw: Version: 0.3-a-160-g6735b56
     0 | D:1      | 0 ||| qw: Game counter: 5687
     0 | D:1      | 0 ||| qw: Melee chars always use a shield: true
     0 | D:1      | 0 ||| qw: God list: Okawaru
     0 | D:1      | 0 ||| qw: Allow faded altars: false
     0 | D:1      | 0 ||| qw: Do Orc after clearing Dungeon:15 true
     0 | D:1      | 0 ||| qw: Do second Lair branch before Depths: true
     0 | D:1      | 0 ||| qw: Lair rune preference: random
     0 | D:1      | 0 ||| qw: Goals: Normal
     0 | D:1      | 0 ||| PLANNING D:1-11
     1 | D:1      | Noticed an orb of fire
     6 | D:1      | Noticed a shadow dragon
    10 | D:1      | Noticed a tentacled monstrosity
    12 | D:1      | Noticed a tentacled monstrosity
    14 | D:1      | Noticed a red draconian
    14 | D:1      | Noticed an iron dragon
    16 | D:1      | Noticed an iron dragon
    18 | D:1      | Noticed a quicksilver dragon
    18 | D:1      | Noticed an iron dragon
    20 | D:1      | Noticed a tentacled monstrosity
    20 | D:1      | Noticed a tentacled monstrosity
    22 | D:1      | Noticed an iron dragon
   115 | D:1      | Reached XP level 2. HP: 16/16 MP: 4/4
   137 | D:1      | Reached skill level 6 in Ranged Weapons
   685 | D:1      | 685 ||| READING scroll labelled EGATOR MANA.
   689 | D:1      | 689 ||| READING scroll labelled WOUGHA OBID.
   790 | D:1      | 790 ||| DROPPING scroll of butterflies.
   884 | D:2      | Reached XP level 3. HP: 20/20 MP: 5/5
  1261 | D:2      | Noticed Jessica
  1265 | D:2      | Killed Jessica
  1266 | D:2      | Reached skill level 7 in Ranged Weapons
  1521 | D:2      | 1521 ||| READING scroll labelled ADDUNK LYILUHY.
  1521 | D:2      | 1521 ||| BRANDING +0 shortbow.
  1549 | D:3      | Reached XP level 4. HP: 25/25 MP: 6/6
  1562 | D:3      | Noticed Sigmund
  1565 | D:3      | 1565 ||| FLEEEEING.
  1566 | D:3      | 1566 ||| FLEEEEING.
  1567 | D:3      | 1567 ||| FLEEEEING.
  1568 | D:3      | 1568 ||| FLEEEEING.
  1569 | D:3      | 1569 ||| FLEEEEING.
  1577 | D:3      | Killed Sigmund
  1578 | D:3      | Reached skill level 9 in Ranged Weapons
  1578 | D:3      | Reached XP level 5. HP: 18/29 MP: 7/7
  1581 | D:3      | 1581 ||| FLEEEEING.
  1601 | D:3      | 1601 ||| FLEEEEING.
  1602 | D:3      | 1602 ||| FLEEEEING.
  1603 | D:3      | 1603 ||| FLEEEEING.
  1608 | D:3      | 1608 ||| FLEEEEING.
  1609 | D:3      | 1609 ||| FLEEEEING.
  1610 | D:3      | 1610 ||| FLEEEEING.
  1611 | D:3      | 1611 ||| FLEEEEING.
  1612 | D:3      | 1612 ||| STAIRDANCE
  1700 | D:3      | Noticed Natasha
  1703 | D:3      | Killed Natasha
  1704 | D:3      | Reached skill level 3 in Dodging
  1773 | D:3      | You fall into a shaft and drop 3 floors!
  1778 | D:6      | Noticed Eustachio
  1779 | D:6      | 1779 ||| ZAPPING wand of acid (8) at 4,5 (Eustachio;
                  | floor).
  1780 | D:6      | Reached XP level 6. HP: 35/35 MP: 8/8
  1780 | D:6      | 1780 ||| RETREEEEATING.
  1781 | D:6      | 1781 ||| RETREEEEATING.
  1782 | D:6      | 1782 ||| RETREEEEATING.
  1783 | D:6      | 1783 ||| ZAPPING wand of acid (7) at 1,0 (Eustachio;
                  | floor).
  1784 | D:6      | 1784 ||| ZAPPING wand of acid (6) at 1,0 (Eustachio;
                  | floor).
  1785 | D:6      | 1785 ||| ZAPPING wand of acid (5) at 1,0 (Eustachio;
                  | floor).
  1786 | D:6      | 1786 ||| ZAPPING wand of acid (4) at 1,0 (Eustachio;
                  | floor).
  1786 | D:6      | Killed Eustachio
  1787 | D:6      | Reached skill level 3 in Fighting
  1789 | D:6      | HP: 6/37 [white imp (5)]
  1790 | D:6      | 1790 ||| READING scroll of teleportation.
  1792 | D:6      | Killed from afar by a white imp

Levels and vault maps discovered:
D:1:      shiori_arrival_whats_in_store_for_you, layout_loops_ring
D:2:      layout_basic, uniq_jessica
D:3:      layout_loops_ring, tso_metal_star, uniq_sigmund, uniq_natasha
D:6:      layout_basic, nicolae_overflow_hidden_temple, uniq_prince_ribbit1,
          uniq_jeremiah, uniq_eustachio

Skill      XL: |  1  2  3  4  5  6 |
---------------+-------------------+-----
Ranged Weapons | 6 7 9 |  9.2
Dodging        | 3 |  3.1
Fighting       | 3 |  3.1
Stealth        | |  1.2

Action                     |  1- 3 |  4- 6 || total
---------------------------+-------+-------++-------
   Fire: Shortbow          |    88 |    23 ||   111
  Evoke: Wand              |       |     5 ||     5
    Use: Scroll            |     3 |     1 ||     4
 Armour: Leather armour    |     6 |    11 ||    17
  Dodge: Dodged            |     6 |     6 ||    12

Table legend:
 A = Non-vault XP
 B = Vault XP
 C = Vault XP percentage of total XP
 D = Non-vault monster count
 E = Vault monster count
 F = Vault count percentage of total count
                 A         B        C        D         E       F
            +---------+---------+-------+---------+---------+-------
      Total |      87 |     497 |  85.1 |      40 |       4 |   9.1
            +---------+---------+-------+---------+---------+-------
        D:1 |      39 |       0 |   0.0 |      23 |       0 |   0.0
        D:2 |      19 |      37 |  66.1 |      11 |       1 |   8.3
        D:3 |      19 |     258 |  93.1 |       5 |       2 |  28.6
        D:6 |      10 |     202 |  95.3 |       1 |       1 |  50.0
            +---------+---------+-------+---------+---------+-------
